AoeStats
← AEO

Arabia

508231201Analyzed
1v1 RM · 10d ago on Sep 21, 2026· 19m 43s· 2 players
Game mode
Random Map
Map size
Tiny (2 player)
Population
200
Speed
Normal
Resources
Standard
Victory
Conquest
Starting age
Dark Age
Ending age
Imperial Age
RankedLock teamsTeams togetherTeam positionsShared explorationLock speedFull tech treeHidden civsTurbo modeCheats
Victory
Defeat
🇹🇷 Sicilians · Türkiye
788
+15
🇩🇪 Franks · Germany
759
-20
Jakobob
5:58 Loom
11:15 Feudal Age
12:49 Wheelbarrow
12:05 Double-Bit Axe
AEO
2:03 Loom
12:35 Feudal Age
14:00 Double-Bit Axe
13:59 Horse Collar
14:12 Gold Mining
14:13 Stone Mining
Connection lost

Rejoining the realm…

Still unreachable

The connection could not be restored.

Session expired

The server has moved on; the page needs a fresh start.